 Dungeon Crawl Stone Soup version 0.18-a0-1147-g8e8348b (console) character file.

25 endege the Skirmisher (level 2, 0/24 HPs)
             Began as a Demonspawn Berserker on Dec 29, 2015.
             Was a Follower of Trog.
             Slain by a hobgoblin
             ... wielding a +0 club
              (4 damage)
             ... on level 1 of the Dungeon on Jan 22, 2016.
             The game lasted 00:05:03 (857 turns).

endege the Skirmisher (Demonspawn Berserker)         Turns: 857, Time: 00:05:03

Health: 0/24       AC:  0    Str: 17    XL:     2   Next: 86%
Magic:  2/2        EV: 12    Int:  8    God:    Trog [*.....]
Gold:   41         SH:  0    Dex: 12    Spells: 0 memorised, 1 level left

rFire  . . .     SeeInvis .     a - +0 hand axe
rCold  . . .     Gourm    .     b - +0 animal skin
rNeg   . . .     Faith    .     (no shield)
rPois  .         Spirit   .     (no helmet)
rElec  .         Dismiss  .     (no cloak)
rCorr  .         Reflect  .     (no gloves)
SustAt .         Harm     .     (no boots)
MR     .....                    (no amulet)
Stlth  +.........               (no ring)
                                d - -3 ring of protection (curse)

@: not resistant to hostile enchantments, very unstealthy
A: icy blue scales 1
a: Berserk, Burn Spellbooks, Renounce Religion


You were on level 1 of the Dungeon.
You worshipped Trog.
Trog was aware of your devotion.
You were not hungry.

You visited 1 branch of the dungeon, and saw 1 of its levels.

You collected 41 gold pieces.

Inventory:

Hand Weapons
 a - a +0 hand axe (weapon)
Armour
 b - a +0 animal skin (worn)
Jewellery
 d - a cursed -3 ring of protection (left hand)
Scrolls
 e - a scroll of remove curse {unknown}
Comestibles
 c - a bread ration
 g - a royal jelly


   Skills:
 + Level 3.3 Fighting
 - Level 2.6 Axes
 + Level 2.2 Armour
 + Level 2.4 Dodging


You had one spell level left.
You didn't know any spells.

Dungeon Overview and Level Annotations

Branches:
Dungeon (1/15)

Altars:


Innate Abilities, Weirdness & Mutations

You are partially covered in icy blue scales (AC +1).


Message History

The hobgoblin closely misses you.
There is an open door here.
There is an open door here.
There is an open door here.
There is an open door here.
You feel a little less clever now.
There is an open door here.
There is an open door here.
There is an open door here.
You closely miss the hobgoblin. The hobgoblin hits you with a club.
You barely miss the hobgoblin. The hobgoblin barely misses you.
You completely miss the hobgoblin. The hobgoblin hits you with a club.
* * * LOW HITPOINT WARNING * * *
You closely miss the hobgoblin. The hobgoblin misses you.
The hobgoblin hits you with a club.
* * * LOW HITPOINT WARNING * * *
You closely miss the hobgoblin. The hobgoblin barely misses you.
You hit the hobgoblin.
The hobgoblin is moderately wounded.
The hobgoblin hits you with a club.
You die...

##...)..# #....♣♣ ♣.........
......#+## #...... #....##..
.####....# #...... #....##..
.#.......# #......♣♣♣###....##..
##.......# #....................
#.......# #†#.######.###.
#....)..##########.†............
##.......'............######..##.
[..##....#####...####.# ##.##.
...##.....# #...# #.# #.##.
...####...# #..@####'### #.##.
[..####...# ####g......# #..#.
..........# #r......# ##.#.
..........# #.......# #.#.
........### #.......# #.#.
........# #.......######...
.......♣♣♣♣♣♣# #.......+.....#..
######........ #.......#####.#..
##♣♣♣♣♣♣. ........# #.#.. #.##.
#.##.


You could see a hobgoblin and a rat.

Vanquished Creatures
  2 oozes (D:1)
  3 bats (D:1)
  2 goblins (D:1)
  2 hobgoblins (D:1)
  3 jackals (D:1)
  A kobold (D:1)
  A giant cockroach (D:1)
  3 rats (D:1)
17 creatures vanquished.

Notes
Turn   | Place    | Note
--------------------------------------------------------------
     0 | D:1      | endege the Demonspawn Berserker began the quest for the Orb.
     0 | D:1      | Reached XP level 1. HP: 18/18 MP: 1/1
     0 | D:1      | Upgraded the game from 0.18-a0-946-g3ac5b32 to 0.18-a0-1147-g8e8348b
   103 | D:1      | Gained mutation: You are partially covered in icy blue scales (AC +1). [demonic ancestry]
   103 | D:1      | Reached XP level 2. HP: 13/24 MP: 2/2
   529 | D:1      | HP: 1/24 [hobgoblin/club (4)]
   534 | D:1      | HP: 1/24 [bat (1)]
   857 | D:1      | Slain by a hobgoblin

Vault maps used:
D:1:      dpeg_arrival_connections, serial_forest,
          infiniplex_forest_lined_room_, infiniplex_forest_pool,
          infiniplex_forest_lined_room_, infiniplex_forest_clump_curved,
          infiniplex_forest_clump_small, infiniplex_forest_straight_2

Action                   || total
-------------------------++-------
Melee: Hand axe          ||    59
  Use: Potion            ||     3
